 Dungeon Crawl Stone Soup version 0.29-a0-720-gac13c76 (webtiles) character file.

Game seed: 10512452662327601043

19 GeorgeSoros the Vexing (level 2, 0/14 HPs)
             Began as a Spriggan Arcane Marksman on June 27, 2022.
             Slain by a quokka (1 damage)
             ... on level 1 of the Dungeon.
             The game lasted 00:01:40 (684 turns).

GeorgeSoros the Vexing (Spriggan Arcane Marksman)    Turns: 684, Time: 00:01:40

Health: 0/14       AC:  2    Str: 12    XL:     2   Next: 55%
Magic:  5/5        EV: 17    Int: 14    God:
Gold:   49         SH:  0    Dex: 15    Spells: 2/3 levels left

rFire   . . .      SeeInvis +   a - +1 sling
rCold   . . .      Faith    .   (no shield)
rNeg    . . .      Spirit   .   c - +0 robe
rPois   .          Reflect  .   (helmet restricted)
rElec   .          Harm     .   (no cloak)
rCorr   .          Rampage  .   (gloves unavailable)
Will    .....                   (boots unavailable)
Stlth   +.........              (no amulet)
HPRegen 0.04/turn               f - +6 ring of strength
MPRegen 0.09/turn               (no ring)

@: very quick
A: very small, no large weapons, unfitting armour, see invisible, speed 3
a: no special abilities


You were on level 1 of the Dungeon.
You visited 1 branch of the dungeon, and saw 1 of its levels.

You collected 49 gold pieces.

Inventory:

Hand Weapons
 a - a +1 sling (weapon)
Armour
 c - a +0 robe (worn)
Jewellery
 f - a +6 ring of strength (left hand)
Scrolls
 b - 2 scrolls of vulnerability
 g - a scroll of identify
 i - a scroll of enchant weapon
Potions
 d - a potion of lignification
 e - 2 potions of curing
 h - 2 potions of flight {unknown}


   Skills:
 - Level 0.7 Fighting
 * Level 3.2 Ranged Weapons
 + Level 3.1 Dodging
 - Level 1.3 Spellcasting
 + Level 3.9 Hexes


You had 2 spell levels left.
You knew the following spells:

 Your Spells              Type           Power      Damage    Failure   Level
a - Slow                  Hex            48%        N/A       4%          1

Your spell library contained the following spells:

 Spells                   Type           Power      Damage    Failure   Level
 Summon Small Mammal      Summ           0%         N/A       26%         1
 Inner Flame              Hex/Fire       6%         N/A       34%         3
 Portal Projectile        Hex/Tloc       12%        N/A       34%         3
 Summon Guardian Golem    Hex/Summ       6%         N/A       34%         3
 Cause Fear               Hex            6%         N/A       45%         4
 Call Canine Familiar     Summ           0%         N/A       58%         3


Dungeon Overview and Level Annotations

Branches:
Dungeon (1/15)

Altars:


Innate Abilities, Weirdness & Mutations

You are very small and have problems with some larger weapons.
You are too small for most types of armour.
You have supernaturally acute eyesight. (SInv)
You cover ground extremely quickly. (Speed+++)


Message History

You shoot a sling bullet. The sling bullet hits the quokka.
The quokka is lightly wounded.
The quokka closely misses you.
You shoot a sling bullet.
The sling bullet closely misses the quokka.
The quokka bites you.
The quokka twitches its whiskers.
The quokka closely misses you.
You shoot a sling bullet. The sling bullet hits the quokka.
The quokka is heavily wounded.
The quokka bites you.
You shoot a sling bullet.
The sling bullet hits the quokka but does no damage.
The quokka is heavily wounded.
The quokka bites you. The quokka barely misses you.
You are too injured to fight recklessly!
You are too injured to fight recklessly!
You are too injured to fight recklessly!
The quokka barely misses you. The quokka bites you.
The quokka closely misses you. The quokka barely misses you. x2
The quokka misses you. The quokka closely misses you.
The quokka barely misses you. The quokka closely misses you.
The quokka closely misses you. x2
The quokka completely misses you. The quokka misses you.
The quokka closely misses you. The quokka bites you.
The quokka completely misses you. The quokka closely misses you.
The quokka closely misses you. The quokka barely misses you.
The quokka bites you.
* * * LOW HITPOINT WARNING * * *
The quokka bites you.
* * * LOW HITPOINT WARNING * * *
The quokka misses you. The quokka bites you.
You die...

##### #.####...######.#### #.#
##...###.####...##........# #.#
#.....##...........###.##.# #.#
#...........#...#### #.##.###.#
#.....##.........#####........#
##...###.####.........>##.#####
##.## #...............##...#
##.## #######.############.#
##...## #@# #.# #.###.# #r# #.#
#.# #.# ... #.# #.###.# ....^
#.# #....## ....... #.#
###.#...### ......... #.#
...........+......(..+ ..#
###.#...####.........# #....##


You could see a quokka.

Vanquished Creatures
  A dart slug (D:1)
  2 ball pythons (D:1)
  An endoplasm (D:1)
  A giant cockroach (D:1)
  A goblin (D:1)
  2 hobgoblins (D:1)
  4 kobolds (D:1)
  2 bats (D:1)
  2 frilled lizards (D:1)
16 creatures vanquished.

Notes
Turn   | Place    | Note
-------+----------+-------------------------------------------
     0 | D:1      | GeorgeSoros the Spriggan Arcane Marksman began the quest
                  | for the Orb.
     0 | D:1      | Reached XP level 1. HP: 9/9 MP: 3/3
   212 | D:1      | Reached XP level 2. HP: 14/14 MP: 5/5
   684 | D:1      | Slain by a quokka

Illustrated notes

Levels and vault maps discovered:
D:1:      lemuel_arrival_broad_hall, layout_loops_corners

Skill      XL: |  1  2 |
---------------+-------+-----
Dodging        | 3 |  3.1
Ranged Weapons | 3 |  3.2
Fighting       | |  0.7
Spellcasting   | |  1.3
Hexes          | |  3.9

Action                   || total
-------------------------++-------
 Fire: Sling             ||    41
  Use: Scroll            ||     4
Armor: Robe              ||     1
Dodge: Dodged            ||    37

Table legend: (Time is in decaauts)
 A = Elapsed time spent in this place.
 B = Non-inter-level travel time spent in this place.
 C = Inter-level travel time spent in this place.
 D = Time resting spent in this place.
 E = Time spent auto-exploring this place.
 F = Levels seen in this place.
 G = Mean time per level.
                   A        B        C        D        E       F      G
               +--------+--------+--------+--------+--------+-----+--------+
         Total |    501 |    501 |      0 |      0 |    402 |   1 |  501.0 |
       Dungeon |    501 |    501 |      0 |      0 |    402 |   1 |  501.0 |
               +--------+--------+--------+--------+--------+-----+--------+

Top non-repeatable levels by time:
     D:1: 501 daAuts
